Map: Port Aleksander LE

Players

soO

  • Race: Zerg Zerg
  • Spawn Location: 5:00

TYTY (TY) - Winner!

  • Race: Terran Terran
  • Spawn Location: 11:00

Event: IEM Season 13: Katowice (2019)

VOD

Have the link to the VOD?

Description

Time

  • Played on: March 1, 2019, 1:50 p.m.
  • Length: 15:07

All games in this series

Show
View Real Time Build Order
Export as new Build Order

soO Zerg 

Build Orders: Hatch First, Swarm Host 

Get SALT Encoding   

  12  0:00  Drone  
  13  0:12  Overlord  
  13  0:17  Drone  
  14  0:30  Drone x2  
  14  0:34  Drone  
  17  0:52  Hatchery  
  17  0:55  Drone  
  17  0:58  Drone  
  18  1:09  Extractor  
  17  1:13  Spawning Pool  
  17  1:16  Drone  
  17  1:20  Drone  
  18  1:28  Drone  
  19  1:38  Overlord  
  19  1:50  Drone  
  20  1:59  Queen  
  20  2:00  Zergling x2  
  23  2:04  Queen  
  23  2:05  Zergling x2  
  26  2:09  Metabolic Boost  
  26  2:17  Drone x2  
  28  2:34  Drone  
  28  2:35  Queen, Overlord  
  31  2:39  Drone  
  31  2:40  Drone  
  32  2:47  Drone x2  
  34  2:56  Drone  
  34  2:58  Drone  
  36  3:05  Hatchery  
  35  3:08  Drone  
  36  3:13  Drone x3  
  36  3:15  Queen  
  36  3:19  Overlord  
  41  3:23  Drone  
  42  3:28  Drone  
  43  3:36  Overlord  
  43  3:40  Zergling x2  
  44  3:41  Drone x3  
  44  3:42  Drone  
  44  3:46  Drone x2  
  50  3:50  Zergling x2  
  51  3:56  Queen, Drone  
  51  4:00  Zergling x2  
  55  4:03  Drone  
  56  4:11  Drone  
  56  4:14  Overlord  
  56  4:16  Extractor  
  56  4:17  Lair  
  56  4:18  Overlord  
  56  4:20  Overlord  
  56  4:23  Overlord  
  56  4:26  Drone  
  57  4:31  Overlord  
  57  4:32  Queen  
  57  4:36  Drone x5  
  57  4:37  Drone  
  65  4:41  Extractor  
  65  4:42  Baneling Nest  
  65  4:43  Drone  
  64  4:46  Spore Crawler  
  64  4:47  Drone  
  64  4:48  Drone x4  
  64  4:50  Drone  
  69  4:54  Zergling x6  
  69  4:59  Drone  
  73  5:02  Spore Crawler  
  73  5:04  Zergling x4  
  74  5:10  Queen  
  71  5:22  Zergling x4  
  71  5:25  Overlord  
  72  5:31  Zergling x6  
  72  5:32  Zergling x8  
  72  5:34  Zergling x2  
  73  5:36  Zergling x2  
  73  5:38  Zergling x8  
  74  5:47  Drone x2  
  74  5:50  Drone  
  75  5:57  Overlord  
  75  6:00  Drone x2  
  73  6:06  Drone x3  
  73  6:09  Drone  
  73  6:10  Drone  
  70  6:16  Drone  
  65  6:20  Drone  
  65  6:23  Drone  
  65  6:24  Drone  
  66  6:30  Drone x4  
  70  6:36  Roach Warren  
  70  6:37  Drone  
  70  6:38  Drone  
  71  6:43  Drone x4  
  75  6:49  Baneling x2  
  75  6:50  Baneling x2  
  75  6:54  Drone x3  
  75  6:58  Extractor x2  
  75  7:02  Drone x2  
  75  7:03  Drone  
  75  7:04  Drone  
  75  7:06  Extractor  
  75  7:08  Zergling x6  
  81  7:13  Drone x3  
  84  7:18  Drone  
  84  7:20  Evolution Chamber  
  84  7:22  Evolution Chamber  
  83  7:23  Infestation Pit  
  83  7:26  Glial Reconstitution  
  83  7:28  Roach x4  
  83  7:29  Roach  
  88  7:37  Drone x3  
  88  7:41  Drone x3  
  88  7:42  Drone  
  90  7:55  Roach x4  
  90  7:56  Overlord  
  90  7:57  Overlord  
  98  8:10  Overlord  
  98  8:11  Zerg Missile Weapons Level 1  
  96  8:13  Zerg Ground Armor Level 1  
  96  8:23  Drone x2  
  96  8:26  Roach x4  
  106  8:28  Ravager  
  106  8:31  Overlord  
  107  8:36  Hatchery  
  107  8:39  Roach x7  
  120  8:52  Overlord x2  
  120  8:54  Roach x5  
  130  9:02  Overlord  
  130  9:09  Overlord  
  130  9:11  Swarm Host x5  
  145  9:21  Swarm Host x3  
  154  9:24  Overlord  
  154  9:32  Swarm Host x2  
  154  9:34  Overlord  
  158  9:39  Overlord  
  158  9:40  Drone x4  
  162  9:47  Swarm Host x2  
  168  9:54  Swarm Host x2  
  168  9:55  Swarm Host x2  
  168  9:58  Drone x6  
  186  10:14  Extractor  
  186  10:15  Overlord  
  186  10:17  Spine Crawler  
  186  10:21  Overlord  
  184  10:23  Roach x4  
  184  10:24  Extractor  
  185  10:46  Zerg Missile Weapons Level 2, Zerg Ground Armor Level 2  
  185  10:47  Overseer x3  
  179  10:53  Swarm Host, Hydralisk Den  
  179  10:54  Swarm Host x3  
  184  11:00  Drone x3  
  187  11:05  Ravager  
  187  11:06  Queen, Ravager  
  187  11:07  Queen  
  187  11:08  Spore Crawler  
  192  11:16  Ravager x2  
  192  11:18  Queen  
  196  11:19  Spore Crawler  
  187  11:26  Queen  
  189  11:38  Spore Crawler  
  188  11:40  Spore Crawler  
  188  11:42  Queen, Hydralisk x5, Grooved Spines  
  199  11:59  Hydralisk x3  
  197  12:13  Hydralisk  
  199  12:18  Ravager, Pneumatized Carapace  
  194  12:28  Ravager x2  
  196  12:31  Roach x2  
  196  12:35  Roach  
  194  12:39  Hydralisk x6  
  199  12:46  Ravager  
  192  12:54  Hydralisk x11  
  183  12:59  Hydralisk x6  
  180  13:10  Hydralisk x4  
  159  13:27  Roach x10  
  159  13:29  Muscular Augments  
  169  13:34  Roach x2  
  169  13:35  Roach x2  
  169  13:39  Roach  
  159  13:43  Roach  
  159  13:51  Roach x4  
  159  13:52  Queen x2  
  171  14:00  Hydralisk x6  
  171  14:03  Swarm Host  
  171  14:05  Queen  
  171  14:06  Queen  
  176  14:11  Swarm Host x3  
  179  14:21  Hydralisk x4  
  177  14:26  Ravager x5  
  177  14:27  Ravager x2  
  177  14:28  Roach x2  
  176  14:38  Roach x6  
  164  14:48  Roach x3  
Show
View Real Time Build Order
Export as new Build Order

TYTY Terran - Winner!

Build Orders: Hellion Opening, Reaper Expand, Mech 

Get SALT Encoding   

  12  0:00  SCV  
  13  0:12  SCV  
  14  0:17  Supply Depot  
  14  0:24  SCV  
  15  0:39  SCV  
  15  0:40  Barracks  
  16  0:44  Refinery  
  16  0:51  SCV  
  17  1:03  SCV  
  18  1:15  SCV  
  19  1:27  Reaper  
  19  1:28  Orbital Command  
  20  1:41  Command Center  
  20  1:51  Supply Depot  
  20  1:53  SCV  
  21  1:59  Marine  
  23  2:10  Factory, SCV  
  23  2:18  Refinery  
  23  2:20  Barracks Reactor  
  23  2:23  SCV  
  24  2:35  SCV  
  25  2:47  SCV  
  26  2:54  Orbital Command  
  26  2:55  Starport  
  26  2:59  SCV  
  26  3:01  Hellion x2  
  31  3:11  SCV  
  32  3:14  Barracks Tech Lab  
  32  3:19  SCV  
  33  3:22  Hellion x2  
  33  3:25  SCV  
  38  3:31  Viking  
  38  3:33  SCV  
  41  3:37  Supply Depot  
  41  3:40  SCV  
  42  3:45  SCV  
  43  3:53  SCV  
  43  3:54  Supply Depot  
  44  3:58  Hellion  
  44  3:59  SCV, Hellion  
  49  4:05  Medivac  
  49  4:06  SCV  
  52  4:13  SCV  
  52  4:14  Armory  
  53  4:18  SCV  
  53  4:21  Liberator  
  53  4:22  Supply Depot  
  53  4:24  Hellion x2  
  53  4:28  SCV  
  53  4:30  SCV  
  59  4:35  Supply Depot  
  63  4:47  Hellion x2  
  67  4:59  Command Center, SCV x2, Supply Depot  
  68  5:05  Liberator  
  68  5:08  Hellion x2  
  68  5:11  SCV  
  73  5:20  SCV  
  74  5:23  SCV  
  78  5:29  Hellion  
  78  5:30  Hellion  
  82  5:38  Factory  
  82  5:39  Factory, SCV  
  79  5:44  Hellion x2  
  75  5:50  Liberator, SCV  
  75  5:51  SCV, Hellion x2  
  75  5:53  Refinery  
  75  5:54  Refinery  
  77  6:02  SCV  
  77  6:03  SCV  
  79  6:07  Supply Depot  
  79  6:08  Supply Depot  
  82  6:12  Hellion x2  
  82  6:14  SCV  
  82  6:17  Barracks Tech Lab  
  82  6:20  SCV  
  79  6:30  SCV  
  79  6:32  Orbital Command, SCV  
  79  6:34  Terran Vehicle Weapons Level 1, Armory, Hellion x2  
  83  6:42  Barracks Reactor  
  83  6:43  SCV  
  83  6:47  SCV  
  89  6:52  Orbital Command  
  89  6:53  Siege Tank  
  88  6:55  SCV  
  88  6:59  SCV  
  88  7:00  Siege Tank, Refinery  
  97  7:01  Hellion x2  
  97  7:02  Refinery  
  97  7:07  Starport Tech Lab, SCV  
  98  7:11  SCV  
  99  7:18  Command Center  
  99  7:19  SCV  
  101  7:22  SCV  
  101  7:23  SCV  
  101  7:24  Hellion x2  
  101  7:25  Siege Tank  
  107  7:31  Banshee, SCV  
  107  7:35  SCV  
  107  7:36  SCV  
  103  7:43  Siege Tank  
  103  7:48  Factory  
  103  7:49  Factory  
  102  7:52  Supply Depot x2  
  102  7:53  SCV x2  
  102  7:55  Hellion  
  102  7:58  SCV  
  107  8:05  Siege Tank, SCV  
  105  8:06  Hellion  
  105  8:08  Engineering Bay  
  105  8:10  Terran Vehicle And Ship Armor Level 1  
  105  8:12  SCV  
  111  8:13  SCV  
  111  8:17  Banshee  
  111  8:18  Hyperflight Rotors  
  113  8:21  Siege Tank  
  113  8:22  Hellion  
  118  8:28  SCV x2  
  118  8:29  SCV  
  118  8:30  Engineering Bay  
  118  8:31  Supply Depot x2  
  121  8:37  Hellion  
  121  8:39  Missile Turret  
  121  8:40  SCV x2  
  126  8:41  SCV  
  126  8:44  Factory Tech Lab  
  126  8:45  Barracks Reactor  
  126  8:49  Siege Tank  
  126  8:50  Supply Depot, Hellion  
  126  8:52  SCV x2  
  126  8:53  Hellion  
  126  8:55  Sensor Tower  
  135  8:57  SCV  
  135  8:59  Planetary Fortress  
  135  9:00  Missile Turret, Banshee  
  139  9:04  SCV  
  139  9:06  Siege Tank, Hellion  
  139  9:07  SCV  
  139  9:09  SCV  
  149  9:10  Hellion  
  149  9:14  Starport  
  149  9:16  Refinery  
  149  9:17  SCV  
  150  9:21  SCV  
  150  9:22  SCV  
  152  9:25  Terran Vehicle Weapons Level 2  
  152  9:26  Refinery  
  152  9:28  Starport  
  151  9:32  SCV  
  151  9:33  SCV  
  151  9:36  Hellion x2  
  151  9:38  SCV x2  
  159  9:43  Banshee  
  168  9:53  Starport Tech Lab, Hellion x2  
  168  9:55  Supply Depot  
  168  9:56  Supply Depot  
  172  10:02  Hellion  
  172  10:05  Starport Tech Lab  
  168  10:08  Thor  
  172  10:14  Supply Depot  
  172  10:16  Banshee  
  172  10:17  Thor, Hellion x2  
  172  10:20  Hellion  
  187  10:23  Hellion  
  187  10:29  Cloaking Field  
  187  10:34  Banshee  
  186  10:36  Banshee  
  186  10:38  Hellion x2  
  186  10:39  SCV x2  
  175  10:46  Hellion x2  
  175  10:48  Terran Vehicle And Ship Armor Level 2  
  171  10:54  Siege Tank x2  
  177  10:59  Hellion  
  177  11:00  Hellion  
  177  11:02  Factory, Banshee  
  177  11:03  Factory  
  184  11:06  Command Center  
  176  11:15  Sensor Tower  
  173  11:21  Command Center  
  168  11:27  Banshee x2  
  168  11:28  Siege Tank x2  
  168  11:29  Siege Tank  
  168  11:30  Infernal Pre-Igniter, Hellion x2  
  168  11:31  Hellion  
  185  11:36  SCV x2  
  187  11:40  SCV  
  187  12:06  Factory Tech Lab x2  
  187  12:07  Hellion x2  
  188  12:12  Terran Vehicle Weapons Level 3  
  188  12:17  Siege Tank, Banshee, Hellion x2  
  188  12:22  Refinery  
  198  12:23  Refinery  
  198  12:28  Hellion  
  198  12:33  Banshee  
  198  12:34  Siege Tank  
  198  12:35  Siege Tank  
  198  12:36  Siege Tank  
  200  12:41  Orbital Command  
  200  12:43  Planetary Fortress  
  200  12:47  Command Center  
  200  12:48  Command Center  
  200  12:58  Siege Tank x2  
  186  12:59  Hellion x2  
  186  13:00  Banshee  
  186  13:04  Banshee  
  186  13:06  Siege Tank  
  186  13:11  Hellion  
  186  13:12  Hellion  
  193  13:19  Hellion  
  179  13:20  Hellion  
  179  13:23  Hellion x2  
  179  13:25  Banshee  
  167  13:36  Hellion  
  167  13:37  Hellion  
  165  13:42  Banshee, Hellion x4  
  165  13:43  Hellion  
  165  13:44  SCV  
  181  13:50  Banshee  
  181  13:53  Hellion x2  
  183  13:58  Hellion  
  183  14:01  Hellion  
  183  14:02  Orbital Command  
  184  14:03  Hellion  
  184  14:04  Hellion  
  184  14:09  Fusion Core  
  188  14:11  Hellion x2  
  183  14:30  Planetary Fortress  
  178  14:41  Hellion x2  
  178  14:42  Hellion x2  

Tags
 
Add a new tag
Caveats
  • Supply blocks, unpowered buildings, or Contaminate may cause inaccurate times.
  • Supply counts are checked every 10 seconds.